Map: Ruins of Seras

Players

Miltreta

  • Race: Terran Terran

A.I. 1 (Hard) - Winner!

  • Race: Zerg Zerg

VOD

Have the link to the VOD?

Description

Time

  • Played on: March 5, 2016, 10:12 p.m.
  • Length: 30:11
Show
View Real Time Build Order
Export as new Build Order

Miltreta Terran 

Build Orders: MMM Bio 

Get SALT Encoding   

  12  0:01  SCV  
  13  0:13  SCV  
  14  0:24  Supply Depot  
  14  0:30  SCV  
  14  0:33  Supply Depot  
  15  0:49  Barracks  
  15  0:52  SCV  
  16  1:04  SCV  
  17  1:09  Barracks  
  17  1:13  Refinery  
  17  1:16  SCV  
  18  1:28  SCV  
  19  1:40  Marine  
  20  1:58  SCV, Marine  
  20  1:59  Refinery  
  22  2:15  Marine  
  23  2:35  Barracks Tech Lab  
  23  2:36  Barracks Reactor  
  23  2:46  SCV  
  24  2:58  SCV, Engineering Bay  
  25  3:06  Bunker  
  25  3:12  Factory  
  25  3:27  Orbital Command  
  25  3:29  Marine x2  
  25  3:30  Combat Shields  
  25  3:31  Command Center  
  27  4:09  Supply Depot  
  27  4:15  SCV  
  28  4:20  Marauder  
  30  4:27  SCV  
  31  4:33  Reaper x2  
  33  4:39  Hellion  
  33  4:41  Marauder  
  37  4:49  Stimpack  
  37  4:53  Terran Infantry Armor Level 1, Armory  
  37  5:00  Hellion  
  37  5:03  Marauder  
  37  5:05  Marine x2  
  43  5:18  Refinery  
  43  5:23  Marine  
  40  6:50  Factory Tech Lab  
  40  6:52  Reaper x2  
  42  6:59  Marauder  
  44  7:05  Starport  
  44  7:20  Marauder  
  46  7:24  Reaper x2  
  48  7:30  Hellion  
  50  7:42  Marauder  
  52  7:51  Hellion  
  52  8:03  Marauder  
  54  8:26  Supply Depot  
  54  8:37  Refinery  
  54  8:44  Supply Depot  
  58  8:48  Marauder, Hellion  
  58  9:09  Cyclone  
  59  9:10  Marauder  
  49  9:39  Concussive Shells  
  49  9:41  Cyclone, Marauder  
  52  10:02  Marauder  
  52  10:04  Reaper x2  
  51  10:23  Marauder  
  47  10:36  Reaper x2  
  49  10:45  Marauder  
  49  11:06  Marauder  
  49  11:07  Siege Tank  
  54  11:12  Reaper x2  
  54  11:17  Medivac  
  58  11:21  Terran Infantry Weapons Level 1  
  58  11:25  Terran Ship Weapons Level 1  
  58  11:28  Marauder  
  60  11:33  Missile Turret  
  63  11:40  Siege Tank  
  63  11:43  Marine, SCV  
  63  11:44  Marine  
  66  11:47  Medivac  
  66  11:49  Marauder  
  70  12:44  Supply Depot  
  70  12:47  Supply Depot  
  70  12:54  SCV, Marine  
  70  12:56  Medivac  
  68  12:59  Thor  
  68  13:03  Marine  
  67  13:15  Terran Infantry Armor Level 2  
  67  13:26  Viking  
  69  13:42  Thor  
  75  13:56  Viking  
  50  14:49  Marauder  
  50  14:51  Thor  
  58  14:56  Marine x2  
  60  15:10  Marauder  
  60  15:11  Liberator  
  60  15:13  Marine  
  60  15:14  Marine  
  64  15:18  Terran Vehicle Weapons Level 1  
  64  15:25  Infernal Pre-Igniter  
  64  15:27  Command Center  
  64  15:31  Marine x2  
  64  15:32  Marauder  
  64  15:34  Thor  
  77  15:49  Marine x2  
  79  15:53  Marauder  
  79  15:54  Liberator  
  65  16:15  Marauder  
  65  16:18  Hellbat  
  64  16:39  Hellbat  
  66  16:44  Marauder  
  68  17:00  Hellbat, Planetary Fortress  
  73  17:14  Starport Tech Lab  
  70  17:38  Marine, Marauder  
  70  17:39  Marine  
  76  17:45  Siege Tank  
  76  17:49  Medivac  
  79  17:54  Cloaking Field  
  79  17:56  Marine x2  
  81  17:59  Mag-Field Accelerator, Marauder  
  81  18:04  Terran Infantry Armor Level 3  
  83  18:08  SCV  
  84  18:14  Marine x2  
  84  18:17  Siege Tank, Supply Depot  
  84  18:19  Medivac  
  91  18:20  Marauder  
  91  18:21  SCV, Supply Depot  
  94  18:32  Marine x2  
  94  18:33  SCV  
  97  18:42  Marauder  
  97  18:45  SCV  
  100  18:49  Siege Tank, Medivac  
  105  18:57  SCV  
  106  19:03  Marauder  
  108  19:21  Siege Tank  
  111  19:53  Siege Tank  
  112  20:23  Refinery  
  112  20:26  Refinery  
  66  21:08  Marauder  
  67  21:13  Widow Mine  
  65  21:20  Banshee  
  68  21:29  Marauder  
  70  21:42  Widow Mine  
  72  21:51  Marauder  
  74  22:02  Banshee  
  77  22:10  Widow Mine  
  77  22:12  Marauder  
  79  22:34  Marauder  
  79  22:39  Cyclone  
  82  22:45  Banshee  
  73  23:11  Cyclone  
  65  23:49  Banshee  
  65  24:04  Command Center  
  65  24:08  Refinery  
  63  24:32  Banshee  
  49  25:04  Liberator  
  49  25:14  Marauder  
  51  25:17  Siege Tank  
  57  25:25  Marine x2  
  59  25:35  Marauder  
  55  25:43  Marine x2  
  55  25:46  Liberator  
  55  25:49  Siege Tank  
  57  25:56  Marauder  
  50  26:01  Marine x2  
  46  26:18  Marauder  
  45  26:19  Marine x2  
  45  26:21  Siege Tank  
  50  26:29  Liberator  
  50  26:39  Marauder  
  54  26:53  Siege Tank  
  54  27:09  Marine  
  54  27:12  Marine x2  
  49  27:25  Siege Tank  
  49  27:27  Marine  
  53  27:30  Marine x2  
  53  27:44  Marine  
  53  27:48  Marine x2  
  42  27:58  Hellion  
  38  28:02  Marine  
  39  28:06  Marine x2  
  41  28:19  Hellion  
  43  28:20  Marine  
  41  28:41  Hellion  
  42  29:02  Hellion  
  44  29:20  Factory  
  44  29:23  Hellion  
  46  29:29  Hellion  
  27  29:45  Hellion  
Show
View Real Time Build Order
Export as new Build Order

A.I. 1 (Hard) Zerg - Winner!

Build Orders: Pool First 

Get SALT Encoding   

  12  0:00  Drone  
  13  0:12  Overlord  
  13  0:18  Drone  
  14  0:31  Drone  
  14  0:32  Drone  
  16  0:44  Spawning Pool  
  16  0:46  Drone  
  16  0:50  Drone  
  16  0:53  Extractor  
  16  0:56  Drone  
  17  1:06  Overlord  
  17  1:31  Zergling x2  
  17  1:32  Queen  
  20  1:33  Zergling x2  
  20  1:38  Drone  
  20  1:39  Roach Warren  
  21  1:40  Extractor  
  20  1:49  Drone  
  20  1:52  Baneling Nest  
  20  2:00  Drone  
  21  2:10  Drone  
  22  2:21  Zergling x2  
  23  2:32  Drone  
  23  2:36  Baneling  
  24  2:38  Baneling x2, Overlord  
  24  2:39  Zergling x2  
  24  2:41  Zergling x2  
  24  2:44  Zergling x2  
  27  2:54  Drone  
  28  3:05  Zergling x2  
  29  3:11  Zergling x2, Overlord  
  30  3:13  Zergling x2  
  30  3:17  Zergling x2  
  30  3:19  Baneling x2  
  32  3:28  Zergling x2  
  32  3:30  Baneling  
  33  3:38  Zergling x2  
  33  3:39  Evolution Chamber  
  33  3:42  Drone  
  33  3:44  Drone  
  33  3:45  Drone  
  36  3:50  Drone  
  37  4:01  Drone  
  38  4:12  Drone  
  38  4:13  Overlord  
  38  4:14  Drone  
  40  4:33  Roach  
  40  4:35  Evolution Chamber  
  40  4:36  Drone  
  42  4:41  Roach  
  42  4:44  Overlord  
  44  4:50  Roach, Lair  
  46  4:59  Roach  
  48  5:06  Metabolic Boost  
  48  5:19  Zerg Melee Weapons Level 1  
  48  5:26  Hatchery  
  45  5:46  Zerg Ground Armor Level 1  
  42  5:54  Hydralisk Den  
  42  5:55  Drone  
  39  6:01  Burrow  
  38  6:06  Roach  
  40  6:14  Roach  
  41  6:23  Roach  
  41  6:31  Zergling x2  
  42  6:39  Drone  
  43  6:40  Roach  
  43  6:42  Drone  
  47  6:47  Drone  
  47  6:48  Hydralisk  
  47  6:52  Drone  
  47  6:54  Drone  
  51  6:57  Hydralisk, Drone  
  51  7:00  Drone  
  55  7:03  Drone  
  55  7:05  Hydralisk, Drone  
  59  7:09  Overlord  
  59  7:13  Zerg Missile Weapons Level 1  
  59  7:14  Drone  
  59  7:15  Hydralisk  
  60  7:22  Muscular Augments  
  62  7:24  Overseer, Drone  
  62  7:26  Drone  
  62  7:28  Drone  
  65  7:30  Drone  
  65  7:32  Drone  
  65  7:35  Drone  
  68  7:38  Overlord  
  68  7:41  Overseer  
  68  7:46  Spore Crawler, Drone  
  68  7:49  Drone  
  68  7:51  Spore Crawler  
  68  7:55  Spore Crawler  
  68  7:56  Drone  
  68  7:58  Spore Crawler, Drone  
  68  8:00  Drone  
  68  8:02  Drone  
  70  8:06  Queen  
  70  8:12  Queen  
  74  8:17  Spine Crawler  
  73  8:22  Spine Crawler  
  73  8:23  Drone  
  73  8:27  Spine Crawler  
  73  8:28  Drone  
  73  8:32  Spine Crawler  
  73  8:33  Drone  
  73  8:44  Infestation Pit  
  73  8:46  Hatchery  
  56  9:17  Hydralisk  
  56  9:22  Hive, Extractor  
  47  9:27  Zergling x2  
  47  9:28  Extractor  
  47  9:36  Hydralisk  
  49  9:45  Hydralisk  
  51  9:56  Pneumatized Carapace  
  51  9:57  Zergling x2  
  51  10:01  Drone  
  51  10:09  Overseer  
  51  10:12  Extractor  
  51  10:14  Hydralisk  
  48  10:15  Hydralisk  
  49  10:23  Zergling x2  
  49  10:26  Extractor  
  49  10:27  Drone  
  46  10:32  Hydralisk  
  48  10:36  Drone  
  48  10:38  Ultralisk Cavern, Drone  
  48  10:40  Drone  
  48  10:41  Drone  
  48  10:42  Hydralisk  
  45  10:43  Drone  
  45  10:45  Drone  
  45  10:48  Drone  
  45  10:49  Drone  
  48  10:51  Drone  
  48  10:53  Drone  
  48  10:54  Zergling x2  
  48  10:55  Drone  
  51  11:25  Ultralisk  
  57  11:33  Hydralisk  
  59  11:40  Overlord  
  59  11:42  Hydralisk  
  59  11:43  Drone  
  59  11:46  Drone  
  63  11:48  Drone  
  63  11:51  Drone  
  63  11:52  Ultralisk  
  63  11:53  Drone  
  72  11:56  Drone  
  72  11:58  Drone  
  74  12:01  Hydralisk  
  74  12:02  Overlord  
  74  12:06  Drone  
  74  12:07  Drone  
  78  12:10  Drone  
  78  12:11  Ultralisk  
  78  12:12  Drone  
  78  12:14  Drone  
  87  12:16  Drone  
  87  12:18  Drone  
  87  12:20  Ultralisk, Drone  
  96  12:24  Overlord  
  96  12:26  Drone  
  96  12:28  Drone  
  98  12:30  Drone  
  98  12:33  Roach  
  98  12:35  Roach  
  103  12:42  Roach  
  105  12:45  Roach, Overlord  
  105  12:48  Roach  
  111  12:51  Roach  
  111  12:54  Zergling x2  
  111  12:58  Roach  
  111  13:01  Roach  
  111  13:03  Ravager x2, Hydralisk  
  101  13:06  Hydralisk  
  101  13:09  Hydralisk, Overlord  
  107  13:12  Roach  
  107  13:15  Roach  
  107  13:17  Hydralisk  
  111  13:20  Hydralisk  
  111  13:23  Hydralisk  
  111  13:26  Infestor  
  111  13:27  Drone  
  118  13:28  Drone  
  118  13:30  Ravager x3, Overlord  
  118  13:33  Roach  
  124  13:35  Ultralisk  
  124  13:36  Roach  
  124  13:38  Roach, Drone  
  124  13:40  Drone  
  130  13:43  Zerg Melee Weapons Level 2  
  130  13:49  Zerg Ground Armor Level 2  
  130  13:53  Overlord  
  130  14:00  Pathogen Glands  
  128  14:03  Roach  
  128  14:05  Glial Reconstitution  
  128  14:07  Zergling x2  
  124  14:14  Spire  
  124  14:16  Drone  
  112  14:26  Hatchery  
  111  15:08  Spore Crawler  
  111  15:10  Spore Crawler  
  111  15:11  Queen  
  111  15:23  Tunneling Claws  
  111  15:26  Zerg Flyer Weapons Level 1  
  111  15:34  Spine Crawler  
  110  15:36  Spine Crawler  
  110  15:39  Queen, Drone  
  110  15:40  Drone  
  110  15:42  Drone  
  114  15:43  Drone  
  114  15:45  Drone  
  116  15:53  Extractor  
  116  15:54  Drone  
  116  15:55  Zergling x2  
  116  15:56  Spore Crawler  
  115  15:57  Drone  
  115  15:59  Drone, Spore Crawler, Zerg Missile Weapons Level 2  
  115  16:01  Extractor  
  115  16:02  Roach, Drone  
  98  16:05  Roach  
  98  16:08  Roach  
  98  16:11  Roach  
  90  16:14  Roach  
  90  16:17  Roach  
  83  16:20  Roach  
  83  16:22  Hydralisk  
  83  16:25  Hydralisk  
  87  16:28  Hydralisk  
  87  16:32  Roach  
  93  16:34  Ravager, Hydralisk  
  93  16:37  Hydralisk  
  93  16:39  Zerg Melee Weapons Level 3  
  98  16:40  Hydralisk, Spine Crawler  
  98  16:41  Drone  
  98  16:43  Roach  
  98  16:44  Spine Crawler  
  98  16:46  Infestor, Drone  
  104  16:49  Ravager x4  
  104  16:50  Roach  
  104  16:53  Roach  
  112  16:56  Roach  
  112  16:59  Roach  
  116  17:20  Zerg Flyer Armor Level 1  
  116  18:15  Zerg Ground Armor Level 3  
  116  18:33  Corruptor  
  118  18:45  Hatchery  
  118  18:46  Drone  
  118  18:48  Overlord, Corruptor  
  118  18:55  Corruptor  
  120  19:02  Infestor  
  123  19:10  Zergling x2  
  123  19:14  Zerg Flyer Weapons Level 2  
  123  19:16  Zerg Missile Weapons Level 3  
  124  19:58  Queen  
  126  20:12  Extractor  
  126  20:13  Drone  
  126  20:19  Zergling x2  
  123  20:26  Spore Crawler, Infestor  
  123  20:27  Drone  
  115  20:29  Spore Crawler  
  115  20:30  Drone  
  115  20:33  Infestor  
  92  20:40  Corruptor  
  92  20:41  Extractor  
  82  20:43  Queen, Drone  
  82  20:48  Zergling x2  
  83  20:54  Spine Crawler  
  83  20:55  Corruptor, Drone  
  83  20:56  Spine Crawler  
  82  20:58  Drone  
  82  21:01  Spore Crawler, Drone  
  81  21:11  Zergling x2  
  81  21:18  Drone  
  80  21:19  Drone x2  
  80  21:22  Drone  
  80  21:23  Drone  
  80  21:25  Infestor, Drone  
  78  21:26  Drone  
  78  21:28  Drone  
  78  21:29  Zerg Flyer Armor Level 2, Drone  
  78  21:31  Drone  
  78  21:32  Drone  
  77  21:34  Drone  
  77  21:35  Infestor, Drone  
  77  21:37  Drone  
  77  21:38  Drone  
  77  21:39  Queen  
  78  21:40  Drone  
  78  21:41  Drone  
  78  21:43  Drone  
  78  21:45  Drone  
  76  21:47  Drone  
  76  21:48  Drone  
  76  21:50  Drone  
  76  21:51  Drone  
  76  21:53  Drone  
  78  21:54  Zergling x2, Drone  
  78  21:55  Drone  
  78  21:57  Drone  
  78  21:58  Drone  
  78  22:00  Drone  
  79  22:01  Drone  
  79  22:03  Drone  
  79  22:04  Drone  
  79  22:06  Infestor  
  79  22:07  Drone  
  79  22:08  Overseer  
  81  22:09  Overlord, Drone  
  81  22:10  Roach  
  81  22:11  Drone  
  81  22:12  Drone  
  81  22:13  Roach, Drone  
  81  22:15  Hydralisk, Queen  
  85  22:19  Roach  
  85  22:20  Hatchery  
  85  22:22  Roach, Drone  
  89  22:23  Drone  
  89  22:24  Hydralisk  
  89  22:25  Drone  
  89  22:27  Hydralisk  
  89  22:28  Overlord  
  93  22:31  Roach  
  93  22:33  Queen  
  93  22:34  Roach  
  93  22:35  Extractor  
  93  22:36  Drone  
  96  22:37  Roach  
  96  22:39  Drone  
  96  22:40  Roach  
  96  22:43  Hydralisk, Drone  
  96  22:45  Overseer  
  96  22:46  Hydralisk  
  96  22:47  Overlord  
  96  22:48  Drone  
  96  22:49  Hydralisk  
  86  22:52  Zergling x2  
  86  22:55  Hydralisk  
  86  22:58  Infestor  
  87  23:01  Roach, Drone  
  87  23:04  Roach  
  91  23:06  Queen  
  91  23:07  Roach  
  91  23:10  Roach  
  93  23:13  Hydralisk  
  93  23:15  Hydralisk  
  93  23:19  Roach  
  92  23:22  Roach  
  92  23:25  Roach  
  94  23:28  Roach  
  94  23:30  Zergling x2  
  94  23:33  Hydralisk, Queen  
  101  23:36  Hydralisk  
  101  23:39  Ravager x3, Spore Crawler  
  101  23:40  Roach, Drone  
  101  23:41  Spore Crawler  
  107  23:43  Roach, Drone  
  107  23:45  Zerg Flyer Weapons Level 3  
  107  23:46  Roach  
  112  23:48  Ravager  
  112  23:49  Ravager, Roach  
  112  23:52  Roach, Hatchery  
  112  23:55  Drone  
  118  24:05  Spine Crawler  
  118  24:06  Drone  
  118  24:07  Spine Crawler  
  118  24:08  Drone  
  118  24:15  Drone  
  118  24:22  Drone  
  118  24:30  Zergling x2  
  116  24:32  Queen  
  118  24:40  Roach  
  118  24:43  Hydralisk  
  115  24:55  Roach  
  115  25:01  Ravager, Roach  
  115  25:06  Overlord, Queen  
  121  25:09  Roach  
  121  25:12  Roach  
  127  25:15  Roach  
  127  25:18  Roach, Extractor  
  127  25:19  Drone  
  127  25:20  Infestor  
  133  25:23  Spore Crawler, Drone  
  133  25:26  Overlord  
  133  25:27  Spore Crawler, Drone  
  136  25:29  Extractor  
  136  25:30  Drone  
  133  25:36  Hydralisk  
  133  25:41  Roach  
  130  25:44  Roach  
  130  25:47  Zergling x2  
  133  25:51  Hydralisk, Spine Crawler  
  133  25:52  Drone  
  133  25:53  Spine Crawler  
  133  25:54  Drone  
  133  25:56  Hydralisk  
  131  25:59  Hydralisk  
  131  26:14  Hydralisk  
  131  26:17  Infestor  
  125  26:23  Zerg Flyer Armor Level 3  
  125  27:39  Drone  
  125  27:48  Roach  
  125  28:22  Zergling x4  
  125  28:23  Zergling x2, Baneling x2, Mutalisk x3  
  125  28:24  Mutalisk x3, Zergling x4  
  125  28:25  Zergling x2, Overlord, Viper  
  125  28:26  Zergling x8  
  150  28:27  Mutalisk x4  
  150  28:28  Adrenal Glands  
  158  28:43  Mutalisk  
  158  28:44  Mutalisk, Viper  
  158  28:45  Zergling x2, Baneling, Overlord  
  158  28:46  Baneling x5, Centrifical Hooks  
  166  28:49  Zergling x2, Hatchery  
  166  29:00  Greater Spire  
  166  29:03  Zergling x2, Overlord, Drone  
  168  29:22  Overlord  
Tags
 
Add a new tag
Caveats
  • Supply blocks, unpowered buildings, or Contaminate may cause inaccurate times.
  • Supply counts are checked every 10 seconds.